 Dungeon Crawl Stone Soup version 0.31-a0-806-g0bc164a743 (webtiles) character file.

Game seed: 13169737762125854628

1472 IndexError the Geomancer (level 8, -12/48 HPs)
             Began as a Gargoyle Earth Elementalist on Sept 21, 2023.
             Mangled by a hornet (13 damage)
             ... on level 7 of the Dungeon.
             The game lasted 00:07:03 (6117 turns).

IndexError the Geomancer (GrEE)                     Turns: 6117, Time: 00:07:03

Health: -12/48     AC:  7    Str: 12    XL:     8   Next: 78%
Magic:  15/17      EV: 11    Int: 18    God:
Gold:   340        SH:  0    Dex: 10    Spells: 1/19 levels left

rFire   . . .        j - +6 shillelagh "Devastator" {shatter}
rCold   . . .        (no shield)
rNeg    + . .        a - +0 robe
rPois   ∞            (no helmet)
rElec   +            l - scarf {shadows}
rCorr   .            (no gloves)
SInv    .            (no boots)
Will    .....        n - amulet of the acrobat
Stlth   ++           (no ring)
HPRegen 0.28/turn    (no ring)
MPRegen 0.15/turn

%: acrobat
@: no status effects
A: sickness immunity, AC +5, negative energy resistance 1, electricity
resistance, torment resistance 1, petrification resistance
a: no special abilities


You were on level 7 of the Dungeon.
You visited 1 branch of the dungeon, and saw 7 of its levels.

You collected 340 gold pieces.

Inventory:

Hand Weapons
 j - the +6 shillelagh "Devastator" (weapon) {shatter}
   (You found it on level 2 of the Dungeon)
Missiles
 p - 3 boomerangs
 q - 23 poisoned darts
 t - 4 curare-tipped darts
Armour
 a - a +0 robe (worn)
 l - a scarf of shadows (worn)
   (You found it on level 3 of the Dungeon)
Jewellery
 n - an amulet of the acrobat (around neck)
   (You found it on level 3 of the Dungeon)
 u - a ring of resist corrosion
   (You found it on level 4 of the Dungeon)
Wands
 o - a wand of charming (11)
   (You found it on level 3 of the Dungeon)
Scrolls
 c - 2 scrolls of blinking {unknown}
 g - 2 scrolls of revelation {unknown}
 h - 2 scrolls of fear {unknown}
 i - 4 scrolls of identify {unknown}
 k - 3 scrolls of teleportation {unknown}
 w - a scroll of enchant weapon {unknown}
 x - a scroll of poison {unknown}
Potions
 b - 2 potions of magic
 d - 4 potions of curing {unknown}
 e - 3 potions of brilliance {unknown}
 f - a potion of ambrosia {unknown}
 m - a potion of heal wounds {unknown}
 r - 2 potions of might {unknown}
 s - a potion of invisibility {unknown}
 v - a potion of cancellation {unknown}
 z - a potion of enlightenment {unknown}


   Skills:
 + Level 4.5 Fighting
 + Level 4.1 Maces & Flails
 - Level 1.5 Dodging
 - Level 2.1 Stealth
 - Level 6.0 Spellcasting
 - Level 0.7 Transmutations
 - Level 8.0 Earth Magic


You had one spell level left.
You knew the following spells:

 Your Spells              Type           Power      Damage    Failure   Level
a - Sandblast             Erth           68%        2d15      1%          1
b - Brom's Barrelling Bo  Conj/Erth      19%        2d4       22%         4
c - Petrify               Tmut/Erth      21%        N/A       21%         4
d - Fulminant Prism       Conj/Hex       2%         3d5       75%         4
w - Passwall              Tmut/Erth      17%        N/A       3%          2
x - Stone Arrow           Conj/Erth      38%        3d9       7%          3

Your spell library contained the following spells:

 Spells                   Type           Power      Damage    Failure   Level
 Tukima's Dance           Hex            5%         N/A       34%         3
 Volatile Blastmotes      Fire/Tloc      10%        2d10      34%         3
 Dimensional Bullseye     Hex/Tloc       2%         N/A       75%         4
 Iskenderun's Mystic Bla  Conj/Tloc      5%         2d3       75%         4


Dungeon Overview and Level Annotations

Branches:
Dungeon (7/15)
 Temple: D:4-7

Altars:
Qazlal

Shops:
D:7 :


Innate Abilities, Weirdness & Mutations

You are immune to sickness and miasma.
Your stone body is resilient. (AC +5)
You are immune to poison.
You resist negative energy. (rN+)
You are resistant to electric shocks. (rElec)
You are resistant to unholy torment.
You are immune to petrification.


Message History

The ufetubus hits you but does no damage. x2
You now have 16/17 mp.
The blast of sand misses the ufetubus.
The ufetubus misses you.
The ufetubus hits you but does no damage.
The ufetubus closely misses you.
The ufetubus hits you but does no damage.
You now have 15/17 mp.
The blast of sand hits the ufetubus!
You now have 14/17 mp.
You now have 340 gold pieces (gained 15).
An orc comes into view. It is wielding a +0 hand axe.
MP restored: 17 An orc is nearby!
An orc is nearby!
An orc is nearby!
An orc comes into view. It is wielding a +0 club.
The blast of sand hits the orc!
You now have 16/17 mp.
You can't see any susceptible monsters within range! (Use Z to cast anyway.)
You can't see any susceptible monsters within range! (Use Z to cast anyway.)
You can't see any susceptible monsters within range! (Use Z to cast anyway.)
The blast of sand hits the orc!!
You now have 15/17 mp.
You can't see any susceptible monsters within range! (Use Z to cast anyway.)
You can't see any susceptible monsters within range! (Use Z to cast anyway.)
An orc comes into view. It is wielding a +0 hand axe.
MP restored: 17 An orc is nearby!
An orc is nearby!
Things that are here:
a +0 hand axe; an orc corpse The blast of sand hits the orc!
The orc shouts!
You now have 16/17 mp.
The blast of sand hits the orc!
You now have 15/17 mp.
You can't see any susceptible monsters within range! (Use Z to cast anyway.)
Things that are here:
a +0 club; an orc corpse
Things that are here:
a +0 club; an orc corpse
e - 3 murky orange potions (gained 1)
x - a scroll labelled GESA NOACU QAAMP MP restored: 17
Found an escape hatch in the floor.
An adder comes into view.
An adder is nearby!
An adder is nearby!
The blast of sand hits the adder!!
You now have 16/17 mp.
You can't see any susceptible monsters within range! (Use Z to cast anyway.)
You can't see any susceptible monsters within range! (Use Z to cast anyway.)
i - 4 scrolls labelled FIASOU JAKUKK (gained 1)
You see here 8 stones.
You see here 8 stones.
There is a stone staircase leading up here.
Done exploring.
Done exploring.
Done exploring.
MP restored: 17 Done exploring.
Done exploring.
There is a stone staircase leading down here.
Unknown command.
You climb downwards.
There is a stone staircase leading up here.
The wight barely misses you.
You climb upwards.
There is a stone staircase leading down here.
There is a stone staircase leading down here.
You climb downwards.
Found 6 poisoned darts.
Found Zusonir's Book Emporium.
There is a stone staircase leading up here.
You climb upwards.
There is a stone staircase leading down here.
There is a stone staircase leading down here.
You climb downwards.
Found a robe.
Found a stone staircase leading down.
There is a stone staircase leading up here.
z - an emerald potion A hornet comes into view.
You can't see any susceptible monsters within range! (Use Z to cast anyway.)
The blast of sand hits the hornet but does no damage.
The hornet stings you!
You take 7 damage, and have 41/48 hp.
You now have 16/17 mp.
The blast of sand hits the hornet!
The hornet misses you. The hornet barely misses you. The hornet misses you.
You now have 15/17 mp.
The blast of sand hits the hornet but does no damage.
The hornet stings you! x2
You take 20 damage, and have 21/48 hp.
MASSIVE DAMAGE!!
You now have 14/17 mp.
You are too injured to fight recklessly!
You are too injured to fight recklessly!
You hit the hornet.
The hornet shudders.
The hornet stings you!
* * * LOW HITPOINT WARNING * * *
You take 12 damage, and have 9/48 hp.
MASSIVE DAMAGE!!
You closely miss the hornet. The hornet stings you!
* * * LOW HITPOINT WARNING * * *
The hornet stings you!
You die...

### #.##### ######..###
......## ###.........#
.<.....## #............
........# #............
........# #...........
........## #...........
.........####...@y.....
.....>......##.........
.......[.......##.####.....
#... ........###.(.....#
.... ... .......##
####.......## ... #..
......## ####.......#..#..#
.....# ##...........# ###
......zzz# ......<#


You could see a hornet.

Vanquished Creatures
  A black bear (D:6)
  3 ogres
  3 phantoms
  A kobold brigand (D:5)
  A bullfrog (D:4)
  3 scorpions (D:5)
  A howler monkey (D:6)
  2 hounds (D:5)
  A jelly (D:5)
  3 orc wizards
  An iguana (D:5)
  7 adders
  15 gnolls
  A shadow imp (D:4)
  An ufetubus (D:6)
  A worm (D:2)
  5 dart slugs
  14 orcs
  4 ball pythons
  8 bats
  7 endoplasms
  A giant cockroach (D:3)
  5 goblins
  5 hobgoblins
  4 jackals
  4 quokkas
  3 frilled lizards
  44 kobolds
  5 rats
154 creatures vanquished.

Notes
Turn   | Place    | Note
-------+----------+-------------------------------------------
     0 | D:1      | IndexError the Gargoyle Earth Elementalist began the quest
                  | for the Orb.
     0 | D:1      | Reached XP level 1. HP: 10/10 MP: 3/3
   212 | D:1      | Reached XP level 2. HP: 15/15 MP: 1/5
   215 | D:1      | Reached skill level 4 in Earth Magic
   618 | D:2      | Reached XP level 3. HP: 19/19 MP: 4/6
   772 | D:2      | Identified the +0 chain mail of Edosy {rF+ Will++ MP-9}
   785 | D:2      | Found the +6 shillelagh "Devastator" {shatter}
   788 | D:2      | Reached skill level 3 in Spellcasting
   979 | D:2      | Reached XP level 4. HP: 24/24 MP: 8/8
  1038 | D:2      | Found a stormy altar of Qazlal.
  1270 | D:2      | Reached skill level 5 in Earth Magic
  1757 | D:3      | Reached XP level 5. HP: 22/28 MP: 10/10
  2681 | D:4      | Noticed a phantom
  2692 | D:4      | HP: 6/28 [phantom (5)]
  2693 | D:4      | Killed a phantom
  2694 | D:4      | Reached skill level 4 in Spellcasting
  2694 | D:4      | Reached skill level 6 in Earth Magic
  2694 | D:4      | Reached XP level 6. HP: 5/32 MP: 2/12
  3454 | D:5      | Entered Level 5 of the Dungeon
  3495 | D:5      | Reached skill level 7 in Earth Magic
  3495 | D:5      | Reached XP level 7. HP: 36/36 MP: 11/14
  3639 | D:5      | Reached skill level 5 in Spellcasting
  4042 | D:5      | Reached skill level 6 in Spellcasting
  4042 | D:5      | Reached skill level 8 in Earth Magic
  4086 | D:5      | Reached XP level 8. HP: 42/42 MP: 15/17
  4090 | D:5      | Reached skill level 1 in Fighting
  4090 | D:5      | Reached skill level 1 in Maces & Flails
  4182 | D:5      | Reached skill level 2 in Fighting
  4184 | D:5      | Reached skill level 2 in Maces & Flails
  4382 | D:5      | Reached skill level 3 in Fighting
  4382 | D:5      | Reached skill level 3 in Maces & Flails
  5008 | D:6      | Reached skill level 4 in Fighting
  5050 | D:6      | Learned a level 2 spell: Passwall
  5054 | D:6      | Learned a level 3 spell: Stone Arrow
  5059 | D:6      | Learned a level 4 spell: Petrify
  5064 | D:6      | Learned a level 4 spell: Brom's Barrelling Boulder
  5069 | D:6      | Learned a level 4 spell: Fulminant Prism
  5101 | D:6      | Reached skill level 4 in Maces & Flails
  6061 | D:7      | Found Zusonir's Book Emporium.
  6110 | D:7      | Noticed a hornet
  6116 | D:7      | HP: 9/48 [hornet (12)]
  6117 | D:7      | HP: 1/48 [hornet (8)]
  6117 | D:7      | Mangled by a hornet

Illustrated notes

Levels and vault maps discovered:
D:1:      nicolae_arrival_memento_mori, layout_rooms
D:2:      layout_rooms, basic_altar
D:3:      layout_basic, chequers_serial_rivers_micro_d,
          dreamdust_mushroom_princess
D:4:      layout_basic, serial_bayou_pond_e
D:5:      minmay_goblin_kobold_castle, layout_loops_cross, serial_glass,
          glass_columns_a, glass_columns_c
D:6:      layout_basic
D:7:      layout_cave_pods, mainiacjoe_overflow_alcove_4,
          minmay_temple_entry_arrows, serial_shops, nicolae_square_shop,
          nicolae_shop_gaudy_bauble, nicolae_shop_stone

Skill      XL: |  1  2  3  4  5  6  7  8 |
---------------+-------------------------+-----
Earth Magic    | 4 5 6 7 8 |  8.0
Spellcasting   | 3 4 6 |  6.0
Fighting       | 4 |  4.5
Maces & Flails | 4 |  4.1
Dodging        | |  1.5
Stealth        | |  2.1
Transmutations | |  0.7

Action                     |  1- 3 |  4- 6 |  7- 9 || total
---------------------------+-------+-------+-------++-------
  Melee: Spear             |     6 |       |       ||     6
         Shillelagh        |     1 |    57 |    51 ||   109
         Punch             |       |     1 |       ||     1
   Cast: Sandblast         |    43 |    17 |    53 ||   113
   Stab: Sleeping          |     1 |     5 |       ||     6
 Armour: Robe              |    14 |    47 |    44 ||   105
  Dodge: Dodged            |    17 |    38 |    67 ||   122

Table legend: (Time is in decaauts)
 A = Elapsed time spent in this place.
 B = Non-inter-level travel time spent in this place.
 C = Inter-level travel time spent in this place.
 D = Time resting spent in this place.
 E = Time spent auto-exploring this place.
 F = Levels seen in this place.
 G = Mean time per level.
                   A        B        C        D        E       F      G
               +--------+--------+--------+--------+--------+-----+--------+
         Total |   6218 |   5726 |    492 |      0 |   4976 |   7 |  888.3 |
       Dungeon |   6218 |   5726 |    492 |      0 |   4976 |   7 |  888.3 |
               +--------+--------+--------+--------+--------+-----+--------+

Top non-repeatable levels by time:
     D:5: 1535 daAuts
     D:4: 1162 daAuts
     D:6: 1114 daAuts
     D:3: 1004 daAuts
     D:1: 710 daAuts
     D:2: 662 daAuts
     D:7: 28 daAuts

Levels and vault maps discovered:
D:1:      nicolae_arrival_memento_mori, layout_rooms
D:2:      layout_rooms, basic_altar
D:3:      layout_basic, chequers_serial_rivers_micro_d,
          dreamdust_mushroom_princess
D:4:      layout_basic, serial_bayou_pond_e
D:5:      minmay_goblin_kobold_castle, layout_loops_cross, serial_glass,
          glass_columns_a, glass_columns_c
D:6:      layout_basic
D:7:      layout_cave_pods, mainiacjoe_overflow_alcove_4,
          minmay_temple_entry_arrows, serial_shops, nicolae_square_shop,
          nicolae_shop_gaudy_bauble, nicolae_shop_stone

Table legend: (Time is in decaauts)
 A = Elapsed time spent in this place.
 B = Non-inter-level travel time spent in this place.
 C = Inter-level travel time spent in this place.
 D = Time resting spent in this place.
 E = Time spent auto-exploring this place.
 F = Levels seen in this place.
 G = Mean time per level.
                   A        B        C        D        E       F      G
               +--------+--------+--------+--------+--------+-----+--------+
         Total |   6218 |   5726 |    492 |      0 |   4976 |   7 |  888.3 |
       Dungeon |   6218 |   5726 |    492 |      0 |   4976 |   7 |  888.3 |
               +--------+--------+--------+--------+--------+-----+--------+

Top non-repeatable levels by time:
     D:5: 1535 daAuts
     D:4: 1162 daAuts
     D:6: 1114 daAuts
     D:3: 1004 daAuts
     D:1: 710 daAuts
     D:2: 662 daAuts
     D:7: 28 daAuts

Table legend:
 A = Kills in this place as a percentage of kills in the entire game.
 B = Kills by you in this place as a percentage of kills by you in the entire game.
 C = Kills by friends in this place as a percentage of kills by friends in the entire game.
 D = Other kills in this place as a percentage of other kills in the entire game.
 E = Experience gained in this place as a percentage of experience gained in the entire game.
 F = Experience gained in this place divided by the number of levels of this place that you have seen.
                   A       B       C       D       E      F
               +-------+-------+-------+-------+-------+----------------------
         Total | 100.0 | 100.0 |   N/A |   N/A | 100.0 | 300.6
       Dungeon | 100.0 | 100.0 |   N/A |   N/A | 100.0 | 300.6
               +-------+-------+-------+-------+-------+----------------------
